AoeStats
← YurissOvo

Arena

506382329Analyzed
4v4 RM · 20d ago on Sep 13, 2026· 28m 57s· 8 players
Game mode
Random Map
Map size
Large (8 player)
Population
200
Speed
Normal
Resources
Standard
Victory
Conquest
Starting age
Dark Age
Ending age
Imperial Age
RankedLock teamsTeams togetherTeam positionsShared explorationLock speedFull tech treeHidden civsTurbo modeCheats
Victory
Defeat
🇦🇺 Burgundians · Australia
1142
+14
🇦🇺 Bohemians · Australia
1124
+15
🇦🇺 Gurjaras · Australia
1118
+15
🇦🇺 Romans · Australia
1102
+16
🇵🇪 Persians · Peru
1153
-18
🇷🇺 Italians · Russia
1127
-16
🇨🇳 Burmese · China
1062
-13
🇨🇳 Vikings · China
1062
-13
lamp
3:21 Double-Bit Axe
10:28 Feudal Age
14:52 Castle Age
13:32 Bow Saw
13:22 Horse Collar
14:10 Heavy Plow
19:53 Wheelbarrow
19:20 Gold Mining
21:21 Hand Cart
22:03 Scale Barding Armor
23:18 Chain Barding Armor
22:49 Cavalier
24:15 Husbandry
24:29 Forging
25:46 Gold Shaft Mining
26:23 Stone Mining
27:34 Iron Casting
31:13 Imperial Age
30:02 Stone Shaft Mining
Killed by Tony
9:17 Feudal Age
11:02 Loom
13:35 Castle Age
12:14 Double-Bit Axe
wahashhh
10:42 Feudal Age
12:20 Double-Bit Axe
14:59 Castle Age
16:15 Bow Saw
16:03 Gold Mining
16:40 Husbandry
17:21 Bloodlines
26:27 Scale Barding Armor
28:20 Chain Barding Armor
Lumeh
11:18 Feudal Age
13:17 Double-Bit Axe
13:17 Horse Collar
16:11 Castle Age
20:26 Imperial Age
20:06 Chemistry
27:47 Padded Archer Armor
YurissOvo
11:05 Feudal Age
11:58 Horse Collar
19:15 Castle Age
17:25 Gold Mining
17:25 Stone Mining
20:53 Redemption
20:53 Fervor
21:04 Sanctity
21:33 Elite Skirmisher
24:32 Fletching
24:42 Padded Archer Armor
27:54 Crossbowman
EL CHANCHO 3026
12:08 Feudal Age
15:56 Castle Age
14:19 Double-Bit Axe
16:32 Wheelbarrow
17:00 Town Watch
21:14 Forging
21:10 Scale Barding Armor
23:06 Scale Barding Armor
27:36 Gold Mining
2457184173
10:55 Feudal Age
11:50 Horse Collar
17:17 Castle Age
15:31 Double-Bit Axe
15:32 Man-at-Arms
17:39 Forging
17:30 Scale Mail Armor
18:39 Long Swordsman
19:27 Scale Mail Armor
20:03 Iron Casting
20:47 Squires
22:19 Gold Mining
23:58 Gambesons
25:01 Chain Mail Armor
26:54 Pikeman
dlukianov
9:59 Feudal Age
10:36 Double-Bit Axe
10:33 Horse Collar
17:08 Castle Age
15:59 Stone Mining
21:19 Loom
22:44 Wheelbarrow
Connection lost

Rejoining the realm…

Still unreachable

The connection could not be restored.

Session expired

The server has moved on; the page needs a fresh start.